 Dungeon Sprint DCSS version 0.23.2-1-ga50397a (webtiles) character file.

Game seed: 13202948669967943268

15334 wilfster70 the Spry (level 12, -6/122 HPs)
             Began as a Minotaur Monk on May 23, 2019.
             Was the Champion of Cheibriados.
             Killed from afar by a pearl dragon (24 damage)
             ... with a blast of cleansing flame
             ... in the Dungeon (Sprint V: "Ziggurat Sprint").
             The game lasted 00:10:04 (1112 turns).

wilfster70 the Spry (Minotaur Monk)                 Turns: 1112, Time: 00:10:05

Health: -6/122     AC: 32    Str: 34    XL:     12   Next: 0%
Magic:  8/18       EV: 24    Int: 25    God:    Cheibriados [******]
Gold:   0          SH: 35    Dex: 29    Spells: 6/11 levels left

rFire    + + +     SeeInvis .   a - +10 lance "Wyrmbane" {slay drac, rPois rF+ rC+ AC+3}
rCold    + + +     Gourm    .   b - +18 shield of the Gong {rElec rN+ MR+ EV-5}
rNeg     + . .     Faith    .   j - +5 gold dragon scales
rPois    +         Spirit   .   (helmet restricted)
rElec    +         Reflect  .   (no cloak)
rCorr    .         Harm     .   (no gloves)
MR       +....     NoTele   +   (no boots)
Stlth    ..........             l - amulet "Tidoodghu" {*Contam +Rage rPois rF+++ rC+}
HPRegen  0.30/turn              t - ring of Imioju {AC+4 Int+2}
MPRegen  0.16/turn              r - ring of Phasing {EV+8}

@: glowing, studying 3 skills, very slow
A: retaliatory headbutt, horns 2
a: Bend Time, Temporal Distortion, Slouch, Step From Time, Renounce Religion,
Evoke Berserk Rage


You were in the Dungeon.
You worshipped Cheibriados.
Cheibriados was exalted by your worship.
You were not hungry.

You visited 1 branch

Inventory:

Hand Weapons
 a - the +10 lance "Wyrmbane" (weapon) {slay drac, rPois rF+ rC+ AC+3}
   (You found it in the Dungeon)

   It affects your AC (+3).
   It protects you from fire.
   It protects you from cold.
   It protects you from poison.
 n - the +6 arbalest "Damnation" {damnation}
   (You found it in the Dungeon)
Armour
 b - the +18 shield of the Gong (worn) {rElec rN+ MR+ EV-5}
   (You found it in the Dungeon)

   It affects your evasion (-5).
   It insulates you from electricity.
   It protects you from negative energy.
   It affects your resistance to hostile enchantments.
 j - +5 gold dragon scales (worn)
Jewellery
 l - the amulet "Tidoodghu" (around neck) {*Contam +Rage rPois rF+++ rC+}
   (You found it in the Dungeon)

   [amulet of rage]

   It renders you almost immune to fire.
   It protects you from cold.
   It protects you from poison.
   It lets you go berserk.
   It causes magical contamination when unequipped.
 r - the ring of Phasing (right hand) {EV+8}
   (You found it in the Dungeon)

   [ring of evasion]

   It affects your evasion (+8).
 t - the ring of Imioju (left hand) {AC+4 Int+2}
   (You found it in the Dungeon)

   [ring of protection]

   It affects your AC (+4).
   It affects your intelligence (+2).
 v - the ring of Wuon {rCorr Str+2}
   (You found it in the Dungeon)

   [ring of resist corrosion]

   It affects your strength (+2).
Wands
 o - a wand of disintegration (7)
 p - a wand of iceblast (7)
 q - a wand of acid (7)
Scrolls
 i - a scroll of blinking
Potions
 d - a potion of curing
 e - 3 potions of heal wounds
 g - a potion of magic
Books
 h - a manual of Long Blades
 k - a manual of Fire Magic
 u - a manual of Dodging
Miscellaneous
 f - 2 phantom mirrors
 s - a sack of spiders
Comestibles
 c - 2 rations


   Skills:
 + Level 15.7 Fighting
   Level 3.6(9.1) Axes
 - Level 12.7(12.9) Polearms
 + Level 15.3 Armour
 + Level 16.4 Dodging
 - Level 6.0 Stealth
 - Level 15.0 Shields
 - Level 10.0 Invocations


You had 6 spell levels left.
You knew the following spells:

 Your Spells              Type           Power        Failure   Level  Hunger
a - Borgnjor's Vile Clut  Necr/Erth      #.........   100%        5    ######.

Your spell library contained the following spells:

 Spells                   Type           Power        Failure   Level  Hunger
 Animate Skeleton         Necr           N/A          83%         1    ##.....
 Apportation              Tloc           #.....       83%         1    ##.....
 Confusing Touch          Hex            #.....       83%         1    ##.....
 Freeze                   Ice            #...         83%         1    ##.....
 Magic Dart               Conj           #...         83%         1    ##.....
 Summon Butterflies       Summ           #.......     83%         1    ##.....
 Summon Small Mammal      Summ           #...         83%         1    ##.....
 Blink                    Tloc           N/A          93%         2    ###....
 Call Imp                 Summ           #.......     93%         2    ###....
 Ensorcelled Hibernation  Hex/Ice        #.....       93%         2    ###....
 Poisonous Vapours        Pois/Air       #.....       93%         2    ###....
 Searing Ray              Conj           #.....       93%         2    ###....
 Shroud of Golubria       Chrm/Tloc      #.........   93%         2    ###....
 Slow                     Hex            #.......     93%         2    ###....
 Throw Frost              Conj/Ice       #.....       93%         2    ###....
 Conjure Flame            Conj/Fire      #.......     99%         3    ####...
 Mephitic Cloud           Conj/Pois/Air  #.......     99%         3    ####...
 Ozocubu's Armour         Chrm/Ice       #.......     99%         3    ####...
 Recall                   Summ/Tloc      N/A          99%         3    ####...
 Animate Dead             Necr           N/A          100%        4    #####..
 Ice Form                 Ice/Tmut       #.......     100%        4    #####..
 Summon Ice Beast         Ice/Summ       #.......     100%        4    #####..
 Throw Icicle             Conj/Ice       #.......     100%        4    #####..
 Death Channel            Necr           #.........   100%        6    #######
 Simulacrum               Ice/Necr       #.........   100%        6    #######
 Haunt                    Necr/Summ      #.........   100%        7    #######
 Malign Gateway           Summ/Tloc      #.........   100%        7    #######
 Monstrous Menagerie      Summ           #.........   100%        7    #######
 Spellforged Servitor     Conj/Summ      #.........   100%        7    #######
 Summon Greater Demon     Summ           #.........   100%        7    #######
 Summon Hydra             Summ           #.........   100%        7    #######
 Borgnjor's Revivificati  Necr           #.........   100%        8    #######
 Death's Door             Chrm/Necr      #.........   100%        8    #######
 Infestation              Necr           #.........   100%        8    #######
 Necromutation            Tmut/Necr      #.........   100%        8    #######
 Summon Horrible Things   Summ           #.........   100%        8    #######


Dungeon Overview and Level Annotations

Branches:
Dungeon (1/1)

Altars:
Ashenzari
Cheibriados
Dithmenos
Elyvilon
Fedhas
Gozag
Hepliaklqana
Kikubaaqudgha
Makhleb
Nemelex Xobeh
Okawaru
Qazlal
Ru
Sif Muna
Trog
Uskayaw
Vehumet
Wu Jian
Xom
Yredelemnul
Zin
The Shining One
Beogh
Jiyva
Lugonu


Innate Abilities, Weirdness & Mutations

You reflexively headbutt those who attack you in melee.
You have a pair of horns on your head.


Message History

You block the daeva's attack.
GONNNNG!
You puncture the pearl dragon!
The pearl dragon convulses!
You headbutt the pearl dragon.
The pearl dragon is almost dead.
The daeva calls down the wrath of the Shining One upon you.
The Shining One smites you!
* * * LOW HITPOINT WARNING * * *
You block the pearl dragon's attack.
BONNNG!
You block the pearl dragon's attack.
GONNNNG!
You feel much better.
The daeva hits you with a +3 long sword of holy wrath!
* * * LOW HITPOINT WARNING * * *
You block the daeva's attack.
BOUMMMMG!
The pearl dragon breathes cleansing flame at you.
The blast of cleansing flame engulfs you!!
You die...

▓▓▓▓▓▓▓▓▓▓▓
▓...:}}=)...▓...8©8...▓
▓...........▓..["..)..▓
▓...........▓....))...▓
▓...........▓.........▓
▓...........▓.........▓
▓...).......▓...))....▓
▓..▓.DAA.▓..▓...|.)...▓
▓....§@§....▓.▓.....▓.▓
▓....§§§....▓....©....▓
▓▓▓▓▓▓▓▓▓▓▓▓▓▓▓▓▓▓▓▓▓▓▓
▓...8©8...▓...8©8...▓..
▓..=[)).:.▓...})}|..▓..
▓...}.|)..▓..})))"..▓..
▓....=....▓.........▓..
▓....=....▓.........▓..
▓.........▓.........▓..


You could see 2 daevas and a pearl dragon.

Vanquished Creatures
  A daeva (D)
  An ophan (D)
  A yaktaur captain (D)
  2 ice dragons (D)
  2 vault guards (D)
  2 hydras (D)
  A dancing weapon (D)
  2 soul eaters (D)
  A cherub (D)
  A swamp dragon (D)
  A deep elf archer (D)
  4 deep elf magi (D)
  2 toenail golems (D)
  A spiny frog (D)
  2 yaktaurs (D)
  A jumping spider (D)
  2 wyverns (D)
  A large abomination (D)
  A water elemental (D)
  A steam dragon (D)
  A chaos spawn (D)
  An acid dragon (D)
  A porcupine (D)
  2 orc warriors (D)
  A swamp drake (D)
  A phantom (D)
  A wolf (D)
  A boggart (D)
  A crocodile (D)
  A bullfrog (D)
  3 scorpions (D)
  A wight (D)
  2 crimson imps (D)
  A quasit (D)
  An iron imp (D)
  5 iguanas (D)
  4 orc wizards (D)
  3 river rats (D)
  A shadow imp (D)
  2 ufetubi (D)
  A spectral adder (D)
  2 adder zombies (D)
  An adder skeleton (D)
  2 orcs (D)
  2 spectral bats (D)
  A bat skeleton (D)
  2 jackals (D)
  A ball python zombie (D)
  A leopard gecko zombie (D)
  A spectral leopard gecko (D)
78 creatures vanquished.

Notes
Turn   | Place    | Note
-------+----------+-------------------------------------------
     0 | D        | Found the +6 Majin-Bo {vamp, Archmagi MP+6 Int+6}
     0 | D        | Found the +7 great mace "Firestarter" {inner flame, rF++}
     0 | D        | wilfster70 the Minotaur Monk began the quest for the Orb.
     0 | D        | Reached XP level 1. HP: 19/19 MP: 0/0
    14 | D        | Found a blossoming altar of Fedhas.
    15 | D        | Found a hazy altar of Hepliaklqana.
    15 | D        | Found an opulent altar of Gozag.
    15 | D        | Found a viscous altar of Jiyva.
    15 | D        | Found a transporter.
    15 | D        | Found an ancient bone altar of Kikubaaqudgha.
    18 | D        | Became a worshipper of Cheibriados the Contemplative
    18 | D        | Reached * piety under Cheibriados
    18 | D        | Reached ** piety under Cheibriados
    23 | D        | Found a corrupted altar of Lugonu.
    27 | D        | Found a burning altar of Makhleb.
    28 | D        | Found an iron altar of Okawaru.
    28 | D        | Found a sparkling altar of Nemelex Xobeh.
    28 | D        | Found a stormy altar of Qazlal.
    28 | D        | Found a sacrificial altar of Ru.
    28 | D        | Found a deep blue altar of Sif Muna.
    32 | D        | Found the +9 heavy crossbow "Sniper" {velocity, Acc+∞ SInv}
    32 | D        | Found the +10 dark maul {crush}
    32 | D        | Found the +15 Maxwell's patent armour {-Cast -Tele rElec
                  | MR+ rCorr}
    32 | D        | Found the +18 shield of the Gong {rElec rN+ MR+ EV-5}
    32 | D        | Found the cursed +14 obsidian axe {chop, +Fly SInv *Curse}
    36 | D        | Found the +6 shillelagh "Devastator" {shatter}
    36 | D        | Found the +11 plutonium sword {*Contam Stlth-}
    36 | D        | Found the +8 lance "Wyrmbane" {slay drac, rPois rF+ rC+
                  | AC+3}
    36 | D        | Found the +9 sword of Zonguldrok {reap}
    36 | D        | Found the cursed +13 scythe of Curses {drain, *Curse}
    36 | D        | Found the +0 sword of Power
    36 | D        | Found the +7 mace of Variability {chain chaos}
    36 | D        | Found the +7 Singing Sword {slice, sonic wave}
    36 | D        | Found the +7 longbow "Piercer" {penet, EV-2}
    43 | D        | Found a bloodstained altar of Trog.
    80 | D        | Entered arena 2.
    80 | D        | Noticed a toenail golem
    80 | D        | Noticed a toenail golem
    80 | D        | Found a transporter.
    81 | D        | Found the ring of Phasing {EV+8}
    91 | D        | Killed a toenail golem
    91 | D        | Reached skill level 5 in Armour
    91 | D        | Reached skill level 6 in Dodging
    91 | D        | Reached skill level 5 in Shields
    91 | D        | Reached XP level 2. HP: 13/34 MP: 1/1
    91 | D        | Reached XP level 3. HP: 15/39 MP: 2/2
    91 | D        | Reached XP level 4. HP: 18/47 MP: 3/3
    91 | D        | Reached XP level 5. HP: 20/52 MP: 4/4
    91 | D        | Reached XP level 6. HP: 23/60 MP: 5/5
   101 | D        | Killed a toenail golem
   101 | D        | Reached skill level 10 in Polearms
   101 | D        | Reached skill level 7 in Dodging
   101 | D        | Reached skill level 5 in Stealth
   101 | D        | Reached XP level 7. HP: 25/69 MP: 6/6
   315 | D        | Entered arena 3.
   315 | D        | Found a transporter.
   322 | D        | Reached *** piety under Cheibriados
   343 | D        | Entered arena 4.
   343 | D        | Found a transporter.
   345 | D        | Reached **** piety under Cheibriados
   350 | D        | Reached ***** piety under Cheibriados
   363 | D        | Entered arena 5.
   363 | D        | Noticed a jumping spider
   363 | D        | Found a transporter.
   370 | D        | Reached skill level 1 in Invocations
   378 | D        | Reached skill level 8 in Dodging
   379 | D        | Killed a jumping spider
   379 | D        | Reached XP level 8. HP: 78/78 MP: 6/8
   392 | D        | Entered arena 6.
   392 | D        | Found a transporter.
   396 | D        | Reached ****** piety under Cheibriados
   422 | D        | Entered arena 7.
   422 | D        | Noticed a yaktaur captain
   422 | D        | Noticed a vault guard
   422 | D        | Noticed a yaktaur
   422 | D        | Noticed a vault guard
   422 | D        | Noticed a yaktaur
   423 | D        | Found a transporter.
   436 | D        | Killed a vault guard
   436 | D        | Reached skill level 10 in Fighting
   436 | D        | Reached skill level 9 in Dodging
   436 | D        | Reached XP level 9. HP: 85/85 MP: 9/11
   445 | D        | Killed a vault guard
   445 | D        | Reached skill level 10 in Armour
   445 | D        | Reached skill level 10 in Dodging
   445 | D        | Reached skill level 10 in Shields
   445 | D        | Reached skill level 5 in Invocations
   454 | D        | Killed a yaktaur captain
   455 | D        | Killed a yaktaur
   460 | D        | Killed a yaktaur
   460 | D        | Reached XP level 10. HP: 97/97 MP: 10/14
   473 | D        | Got the amulet "Tidoodghu" {*Contam +Rage rPois rF+++ rC+}
   489 | D        | Entered arena 8.
   489 | D        | Noticed a spiny frog
   490 | D        | Found the +6 arbalest "Damnation" {damnation}
   490 | D        | Found a transporter.
   495 | D        | Killed a spiny frog
   495 | D        | Reached skill level 11 in Dodging
   535 | D        | Entered arena 9.
   535 | D        | Noticed a deep elf mage
   535 | D        | Noticed a deep elf mage
   535 | D        | Noticed a deep elf mage
   535 | D        | Noticed a +3 flail of holy wrath
   535 | D        | Noticed a deep elf archer
   535 | D        | Noticed a deep elf mage
   536 | D        | Found a transporter.
   539 | D        | Killed a +3 flail of holy wrath
   542 | D        | Killed a deep elf mage
   552 | D        | Killed a deep elf mage
   558 | D        | Killed a deep elf mage
   563 | D        | Killed a deep elf mage
   563 | D        | Reached skill level 12 in Dodging
   579 | D        | Killed a deep elf archer
   621 | D        | Entered arena 10.
   622 | D        | Found a transporter.
   640 | D        | Reached XP level 11. HP: 106/107 MP: 16/16
   657 | D        | Got the ring of Wuon {rCorr Str+2}
   669 | D        | Learned a level 5 spell: Borgnjor's Vile Clutch
   673 | D        | Entered arena 11.
   675 | D        | Found a transporter.
   688 | D        | Got Sif Muna's Compendium of Supportive Snow
   702 | D        | Entered arena 12.
   702 | D        | Noticed an ice dragon
   702 | D        | Noticed a six-headed hydra
   702 | D        | Noticed an ice dragon
   702 | D        | Noticed a seven-headed hydra
   702 | D        | Noticed a swamp dragon
   711 | D        | Killed a seven-headed hydra
   712 | D        | Killed a six-headed hydra
   712 | D        | Reached skill level 13 in Dodging
   721 | D        | Killed an ice dragon
   721 | D        | Reached skill level 10 in Invocations
   724 | D        | Killed an ice dragon
   724 | D        | Reached skill level 14 in Dodging
   732 | D        | Killed a swamp dragon
   759 | D        | Found a transporter.
  1008 | D        | Got Ashavegg's Theurgy, Part Two
  1040 | D        | Entered arena 13.
  1040 | D        | Noticed a soul eater
  1041 | D        | Noticed a soul eater
  1045 | D        | Found a transporter.
  1051 | D        | Killed a soul eater
  1063 | D        | Killed a soul eater
  1063 | D        | Reached skill level 15 in Dodging
  1076 | D        | Got the ring "Ycwey" {+Fly rN++ Str+3 Int-5}
  1084 | D        | Got the ring of Imioju {AC+4 Int+2}
  1096 | D        | Entered arena 14.
  1097 | D        | Noticed a daeva
  1097 | D        | Noticed an ophan
  1097 | D        | Noticed a pearl dragon
  1097 | D        | Noticed a cherub
  1097 | D        | Noticed a daeva
  1097 | D        | Noticed a daeva
  1098 | D        | Found the +5 demon whip "Spellbinder" {antimagic, MR+}
  1107 | D        | Killed a daeva
  1107 | D        | Reached skill level 15 in Fighting
  1107 | D        | Killed a cherub
  1107 | D        | Reached skill level 15 in Armour
  1107 | D        | Reached skill level 15 in Shields
  1108 | D        | Killed an ophan
  1108 | D        | Reached skill level 16 in Dodging
  1108 | D        | Reached XP level 12. HP: 15/122 MP: 13/18
  1109 | D        | HP: 5/122 [pearl dragon (5)]
  1112 | D        | Killed from afar by a pearl dragon

Skill      XL: |  1  2  3  4  5  6  7  8  9 10 11 |
---------------+----------------------------------+-----
Fighting       | 7 8 9 10 11 13 15 | 15.7
Polearms       | 8 10 11 12 | 12.7
Armour         | 5 7 8 9 11 12 15 | 15.3
Dodging        | 6 7 8 9 10 12 16 | 16.4
Stealth        | 4 5 6 |  6.0
Shields        | 5 7 8 9 11 12 15 | 15.0
Invocations    | 2 4 6 9 10 | 10.0
Axes           | |  3.6

Action                   |  1- 3 |  4- 6 |  7- 9 | 10-12 || total
-------------------------+-------+-------+-------+-------++-------
Melee: Lance             |    11 |    10 |    78 |   142 ||   241
       Headbutt          |     5 |     5 |    29 |    48 ||    87
Invok: Slouch            |       |       |       |     6 ||     6
  Use: Potion            |       |       |       |     3 ||     3
 Stab: Confused          |       |       |       |     2 ||     2
Armor: Gold dragon scale |     8 |     1 |     9 |    29 ||    47
Dodge: Dodged            |       |       |     8 |    66 ||    74
Block: Shield            |     8 |     6 |    85 |   217 ||   316
